 Dungeon Crawl Stone Soup version 0.19-a0-376-gf780d9b (webtiles) character file.

191 Kidiri the Firebug (level 5, -4/28 HPs)
             Began as a Deep Elf Fire Elementalist on May 30, 2016.
             Slain by tstbtto's ghost (16 damage)
             ... on level 3 of the Dungeon.
             The game lasted 00:12:39 (3736 turns).

Kidiri the Firebug (Deep Elf Fire Elementalist)     Turns: 3736, Time: 00:12:40

Health: -4/28      AC:  4    Str:  5    XL:     5   Next: 42%
Magic:  12/13      EV: 13    Int: 21    God:
Gold:   121        SH:  0    Dex: 15    Spells: 4 memorised, 4 levels left

rFire  . . .     SeeInvis .     m - +1 whip (flame)
rCold  . . .     Gourm    .     a - +0 robe
rNeg   . . .     Faith    .     (no shield)
rPois  .         Spirit   .     o - +0 hat
rElec  .         Dismiss  .     z - +0 cloak
rCorr  .         Reflect  .     (no gloves)
SustAt .         Harm     .     r - +0 pair of boots
MR     .....                    h - amulet of rage
Stlth  ++........               (no ring)
                                (no ring)

@: lethally poisoned (-4 -> -18), about to teleport, not resistant to hostile
enchantments, unstealthy
A: no striking features
a: Evoke Berserk Rage


You were on level 3 of the Dungeon.
You were not hungry.

You visited 1 branch of the dungeon, and saw 3 of its levels.

You collected 121 gold pieces.

Inventory:

Hand Weapons
 m - a +1 whip of flaming (weapon)
 t - a +2 dagger of venom
Missiles
 g - 134 stones (quivered)
Armour
 a - a +0 robe (worn)
 o - a +0 hat (worn)
 r - a +0 pair of boots (worn)
 s - a +3 leather armour
 z - a +0 cloak (worn)
Jewellery
 h - an amulet of rage (around neck)
Scrolls
 d - 3 scrolls of fear
 e - 2 scrolls of teleportation
 p - a scroll of fog
 q - a scroll of noise
 u - 2 scrolls of amnesia {unknown}
 w - a scroll of remove curse
 y - a scroll of recharging {unknown}
Potions
 l - a potion of magic
 v - 2 potions of lignification
Books
 b - a book of Flames

   Spells                             Type                      Level
   a - Flame Tongue                   Conjuration/Fire             1
   b - Throw Flame                    Conjuration/Fire             2
   c - Conjure Flame                  Conjuration/Fire             3
   d - Inner Flame                    Hexes/Fire                   3
   e - Sticky Flame                   Conjuration/Fire             4
   f - Fireball                       Conjuration/Fire             5
Comestibles
 c - 2 bread rations
 f - 2 fruits
 j - 2 slices of pizza
 k - a meat ration


   Skills:
 - Level 2.4 Dodging
 - Level 2.4 Stealth
 + Level 4.6 Spellcasting
 + Level 2.9 Conjurations
 + Level 2.4 Hexes
 * Level 4.8 Fire Magic


You had 4 spell levels left.
You knew the following spells:

 Your Spells              Type           Power        Failure   Level  Hunger
a - Flame Tongue          Conj/Fire      ###..        1%          1    None
b - Throw Flame           Conj/Fire      ###...       3%          2    #......
c - Conjure Flame         Conj/Fire      ###.....     10%         3    ##.....
d - Inner Flame           Hex/Fire       ###.....     10%         3    ##.....


Dungeon Overview and Level Annotations

Branches:
Dungeon (3/15)

Altars:
Makhleb
Ukayaw

Annotations:
D:3 tstbtto's ghost, amateur MiCK


Message History

Confirm with . or Enter, or press ? or * to list all spells.
Aiming: Flame Tongue
Press: ? - help, Shift-Dir - straight line, f/p - tstbtto's ghost
Aim: tstbtto's ghost, wielding a weapon of chaos (moderately damaged)
The flame tongue misses tstbtto's ghost.
Tstbtto's ghost hits you!
You are lethally poisoned!
Casting: Flame Tongue
Confirm with . or Enter, or press ? or * to list all spells.
Aiming: Flame Tongue
Press: ? - help, Shift-Dir - straight line, f/p - tstbtto's ghost
Aim: tstbtto's ghost, wielding a weapon of chaos (moderately damaged)
Okay, then.
Unknown command.
As you read the scroll of teleportation, it crumbles to dust.
You feel strangely unstable.
You feel sick.
Tstbtto's ghost hits you but does no damage.
You are electrocuted!
Ouch! That really hurt!
You die...

#...#...........
#...'......##...
#...#......##...
#...#......#####
#.......########
###.g.....##.8.8.8
#g'.......##....).
#W#.......##....).
#@##########......
#.###### #...[..
#......#####......
#.........##.8.8.8
#.........########
##........#.#.....
#...#.....<#.###.
#...#....#.#.# #.
#...#........# #.


You could see tstbtto's ghost and a hobgoblin.

Vanquished Creatures
  Crazy Yiuf (D:3)
  Ijyb (D:3)
  Terence (D:3)
  An adder (D:3)
  An ooze (D:1)
  3 worms
  A dart slug (D:2)
  4 giant geckos
  An orc (D:3)
  6 bats
  7 giant cockroaches
  19 goblins
  8 hobgoblins
  4 jackals (D:1)
  5 giant newts
  6 kobolds
  11 rats
80 creatures vanquished.

Notes
Turn   | Place    | Note
--------------------------------------------------------------
     0 | D:1      | Kidiri the Deep Elf Fire Elementalist began the quest for the Orb.
     0 | D:1      | Reached XP level 1. HP: 10/10 MP: 6/6
   255 | D:1      | Reached XP level 2. HP: 15/15 MP: 5/8
   259 | D:1      | Learned a level 2 spell: Throw Flame
   857 | D:1      | Reached XP level 3. HP: 19/19 MP: 7/10
   862 | D:1      | Learned a level 3 spell: Conjure Flame
   866 | D:1      | Learned a level 3 spell: Inner Flame
   954 | D:1      | Reached skill level 1 in Hexes
  1952 | D:2      | Found a hide-covered altar to Ukayaw.
  1965 | D:2      | Found a burning altar of Makhleb.
  1998 | D:2      | Reached XP level 4. HP: 24/24 MP: 6/11
  2207 | D:3      | Found a faded altar to an unknown god.
  2250 | D:3      | Noticed Terence
  2311 | D:3      | Killed Terence
  2322 | D:3      | Noticed tstbtto's ghost (amateur MiCK)
  2566 | D:3      | Noticed Ijyb
  2629 | D:3      | Killed Ijyb
  2749 | D:3      | Reached XP level 5. HP: 28/28 MP: 6/13
  3573 | D:3      | Noticed Crazy Yiuf
  3586 | D:3      | Killed Crazy Yiuf
  3736 | D:3      | Slain by tstbtto's ghost

Vault maps used:
D:1:      dpeg_arrival_fog
D:2:      minitemple
D:3:      kennysheep_the_goblin_king, ecumenical_altar_2,
          uniq_crazy_yiuf_cottage, uniq_terence

Skill      XL: |  1  2  3  4 |
---------------+-------------+-----
Hexes          | 1 2 |  2.4
Conjurations   | 2 |  2.9
Fire Magic     | 4 |  4.8
Spellcasting   | 4 |  4.6
Dodging        | |  2.4
Stealth        | |  2.4

Action                   |  1- 3 |  4- 6 || total
-------------------------+-------+-------++-------
Melee: Unarmed           |     2 |       ||     2
       Whip              |     7 |     2 ||     9
Throw: Stone             |    19 |     7 ||    26
 Cast: Flame Tongue      |    41 |    39 ||    80
       Throw Flame       |    35 |    32 ||    67
       Conjure Flame     |       |     2 ||     2
  Use: Scroll            |     8 |     3 ||    11
 Stab: Sleeping          |     3 |       ||     3
  Eat: Chunk             |     4 |     5 ||     9
       Beef jerky        |       |     2 ||     2
Armor: Robe              |     5 |     3 ||     8
Dodge: Dodged            |    13 |    12 ||    25
